 Dungeon Crawl Stone Soup version 0.30-a0-743-gbfdf073431 (webtiles) character file.

Game seed: 10875392031577365374

37 BRD the Chopper (level 3, 0/28 HPs)
             Began as a Demonspawn Gladiator on Feb 7, 2023.
             Succumbed to an adder's poison
             ... on level 2 of the Dungeon.
             The game lasted 00:01:21 (665 turns).

BRD the Chopper (Demonspawn Gladiator)               Turns: 665, Time: 00:01:22

Health: 0/28       AC:  3    Str: 14    XL:     3   Next: 21%
Magic:  3/3        EV: 12    Int: 11    God:
Gold:   55         SH:  0    Dex: 14    Spells: 2/2 levels left

rFire   . . .      SeeInvis .    a - +0 war axe
rCold   . . .      Faith    .    (no shield)
rNeg    . . .      Spirit   .    b - +0 leather armour
rPois   .          Reflect  .    (helmet restricted)
rElec   .          Harm     .    (no cloak)
rCorr   .          Rampage  .    (no gloves)
Will    .....                    (no boots)
Stlth   +                        l - amulet of regeneration
HPRegen 1.04/turn                (no ring)
MPRegen 0.08/turn                (no ring)

@: lethally poisoned (0 -> -2)
A: horns 1, ignite blood 1
a: no special abilities


You were on level 2 of the Dungeon.
You visited 1 branch of the dungeon, and saw 2 of its levels.

You collected 55 gold pieces.

Inventory:

Hand Weapons
 a - a +0 war axe (weapon)
Missiles
 d - 3 throwing nets (quivered)
 e - a javelin
Armour
 b - a +0 leather armour (worn)
 c - a +0 helmet
Jewellery
 l - an amulet of regeneration (around neck)
Scrolls
 g - a scroll of fear {unknown}
 i - a scroll of identify {unknown}
 n - a scroll of vulnerability {unknown}
 o - a scroll of teleportation {unknown}
Potions
 f - a potion of berserk rage {unknown}
 h - a potion of attraction {unknown}
 j - 2 potions of lignification {unknown}
 k - a potion of degeneration {unknown}
 m - a potion of haste {unknown}


   Skills:
 + Level 2.6 Fighting
 + Level 3.1 Axes
 - Level 2.0 Throwing
 + Level 3.1 Dodging


You had 2 spell levels left.
You didn't know any spells.
Your spell library was empty.

Dungeon Overview and Level Annotations

Branches:
Dungeon (2/15)

Altars:


Innate Abilities, Weirdness & Mutations

You have a pair of small horns on your head.
Your demonic aura sometimes causes spilled blood to erupt in flames.


Message History

The adder hisses angrily.
An endoplasm comes into view.
There is a stone staircase leading down here.
A rat comes into view.
You see here 12 gold pieces.
You miss the adder. Your headbutt misses the adder. The adder bites you.
You are poisoned.
The adder poisons you! The adder bites you.
You are more poisoned.
The adder poisons you!
You closely miss the adder. Your headbutt misses the adder.
You feel very sick. The adder bites you.
You are more poisoned.
The adder poisons you! The endoplasm barely misses you.
You closely miss the adder. Your headbutt misses the adder.
You hit the endoplasm.
You kill the endoplasm!
You feel very sick. The adder bites you.
You are more poisoned.
The adder poisons you! The adder bites you but does no damage.
You are too injured to fight recklessly!
You are too injured to fight recklessly!
You are too injured to fight recklessly!
You closely miss the adder.
You feel very sick. The adder bites you.
* * * LOW HITPOINT WARNING * * *
The adder bites you.
* * * LOW HITPOINT WARNING * * *
You slash the adder!
The adder is almost dead.
* * * LOW HITPOINT WARNING * * *
You feel very sick. The adder bites you but does no damage. The rat misses you.
You barely miss the adder. Your headbutt misses the adder.
The adder is almost dead.
You barely miss the rat.
You die...

#....########..#
#..).......##..#####
##...###........>..###
##.## #.#.##..#.....#
#.# #.#.##..#.###.#
..# #.#.##....# ..
#### #.#.##..#>###.# #
#.#.##..#.....#
#........@#.###
....##..rS....... #
#......##### ##.#.#.#
#.#.#.# #.#.... .
...... # ##. .##


You could see an adder and a rat.

Vanquished Creatures
  An adder (D:2)
  A worm (D:2)
  A dart slug (D:2)
  2 ball pythons (D:1)
  2 bats (D:1)
  An endoplasm (D:2)
  2 giant cockroaches
  2 goblins (D:1)
  2 quokkas (D:1)
  A frilled lizard (D:1)
  4 kobolds
  3 rats (D:1)
22 creatures vanquished.

Notes
Turn   | Place    | Note
-------+----------+-------------------------------------------
     0 | D:1      | BRD the Demonspawn Gladiator began the quest for the Orb.
     0 | D:1      | Reached XP level 1. HP: 16/16 MP: 1/1
   221 | D:1      | Gained mutation: Your demonic aura sometimes causes spilled
                  | blood to erupt in flames. [demonic ancestry]
   221 | D:1      | Reached XP level 2. HP: 22/22 MP: 2/2
   433 | D:1      | Found a faded altar of an unknown god.
   532 | D:2      | Gained mutation: You have a pair of small horns on your
                  | head. [demonic ancestry]
   532 | D:2      | Reached XP level 3. HP: 28/28 MP: 3/3
   664 | D:2      | HP: 1/28 [poisoned by an adder]
   665 | D:2      | Succumbed to an adder's poison

Illustrated notes

Levels and vault maps discovered:
D:1:      elethiomel_arrival_quiet, layout_basic,
          shapermc_ecumenical_altar_acropolis, minmay_close_crescents
D:2:      layout_loops_ring, uniq_jessica

Skill      XL: |  1  2 |
---------------+-------+-----
Throwing       | 2 |  2.0
Axes           | 3 |  3.1
Dodging        | 3 |  3.1
Fighting       | |  2.6

Action                     || total
---------------------------++-------
  Melee: War axe           ||    56
 Armour: Leather armour    ||    21
  Dodge: Dodged            ||    34

Table legend: (Time is in decaauts)
 A = Elapsed time spent in this place.
 B = Non-inter-level travel time spent in this place.
 C = Inter-level travel time spent in this place.
 D = Time resting spent in this place.
 E = Time spent auto-exploring this place.
 F = Levels seen in this place.
 G = Mean time per level.
                   A        B        C        D        E       F      G
               +--------+--------+--------+--------+--------+-----+--------+
         Total |    684 |    630 |     54 |      0 |    468 |   2 |  342.0 |
       Dungeon |    684 |    630 |     54 |      0 |    468 |   2 |  342.0 |
               +--------+--------+--------+--------+--------+-----+--------+

Top non-repeatable levels by time:
     D:1: 522 daAuts
     D:2: 161 daAuts
